 Dungeon Crawl Stone Soup version 0.27-a0-1513-g2aaa0cc67b (webtiles) character file.

Game seed: 10635614205491438716

156164 dickylongcocking the Warrior (level 18, -3/116 (126) HPs)
             Began as a Djinni Fire Elementalist on July 9, 2021.
             Was the Champion of Makhleb.
             Killed from afar by a ghostly deep elf death mage (53 damage)
             ... with a bolt of negative energy
             ... on level 3 of the Elven Halls.
             The game lasted 01:07:49 (32438 turns).

dickylongcocking the Warrior (DjFE)                Turns: 32438, Time: 01:07:50

HP:   -3/116 (126)  AC: 13    Str: 16    XL:     18   Next: 29%
Gold: 1657          EV: 14    Int: 22    God:    Makhleb [******] SH: 13 Dex: 13

rFire    + + .     SeeInvis .   L - staff of conjuration
rCold    . . .     Faith    .   N - +0 kite shield
rNeg     . . .     Spirit   .   A - +2 leather armour {rC+}
rPois    ∞         Reflect  .   d - +1 helmet
rElec    +         Harm     .   M - scarf {repulsion}
rCorr    +         Rampage  .   y - +2 pair of gloves {Str+3}
Will     +....                  (boots unavailable)
Stlth    ++........             Y - amulet of Sycseus {rElec Regen+ rCorr Str+6 Int-2}
HPRegen  1.29/turn              x - ring of ice
MPRegen  0.00/turn              c - ring of fire

@: flying, drained, repel missiles
A: sickness immunity, fire resistance 2, cold vulnerability 1, float, innate
caster, hp casting, extra vitality 1, iridescent scales 1, dopey 1, frail 1
a: Renounce Religion, Minor Destruction, Lesser Servant of Makhleb, Major
Destruction, Greater Servant of Makhleb


You were on level 3 of the Elven Halls.
You worshipped Makhleb.
Makhleb was exalted by your worship.
You visited 5 branches of the dungeon, and saw 27 of its levels.
You visited 1 bazaar.
You also visited: Bailey and Ice Cave.

You collected 2902 gold pieces.
You spent 1245 gold pieces at shops.

Inventory:

Armour
 d - a +1 helmet (worn)
 h - a +1 buckler of protection
 o - a +1 leather armour of cold resistance
 q - a +1 scale mail of poison resistance
 t - a +2 ring mail of fire resistance
 y - a +2 pair of gloves of strength (worn)
 A - a +2 leather armour of cold resistance (worn)
 M - a scarf of repulsion (worn)
 N - a +0 kite shield (worn)
Magical Staves
 g - a staff of earth
 s - a staff of cold
 G - a staff of fire
 L - a staff of conjuration (weapon)
Jewellery
 c - a ring of fire (right hand)
 f - a ring of fire
 j - an amulet of the acrobat
 l - a ring of protection from fire
 p - a ring of see invisible
 v - a ring of protection from cold
 x - a ring of ice (left hand)
 B - a +4 ring of evasion
 H - a ring of fire
 U - a +6 ring of dexterity
 V - a ring of wizardry
 W - a ring of positive energy
 Y - the amulet of Sycseus (around neck) {rElec Regen+ rCorr Str+6 Int-2}
   (You found it on level 5 of the Lair of Beasts)

   [amulet of regeneration]

   Str:       It affects your strength (+6).
   Int:       It affects your intelligence (-2).
   rElec:     It insulates you from electricity.
   Regen:     It increases your rate of health regeneration.
   rCorr:     It protects you from acid and corrosion.
Wands
 r - a wand of iceblast (17)
 F - a wand of flame (82)
 O - a wand of mindburst (58)
 T - a wand of digging (15)
 X - a wand of charming (10)
 Z - a wand of acid (2)
Scrolls
 e - a scroll of brand weapon
 k - 9 scrolls of fear
 n - 6 scrolls of immolation
 u - 10 scrolls of teleportation
 w - 2 scrolls of torment
 E - 5 scrolls of enchant weapon
 Q - 13 scrolls of identify
Potions
 b - 13 potions of might
 i - 2 potions of lignification
 z - 2 potions of mutation
 C - 2 potions of attraction
 D - 2 potions of ambrosia
 I - 7 potions of curing
 J - a potion of resistance
 S - a potion of heal wounds


   Skills:
 * Level 16.4 Fighting
 - Level 6.3 Armour
 - Level 7.4 Dodging
 - Level 1.5 Stealth
 - Level 15.0 Shields
 - Level 4.9 Unarmed Combat
 * Level 15.6 Spellcasting
 * Level 2.3 Evocations


You had one spell level left.
You knew the following spells:

 Your Spells              Type           Power      Damage    Failure   Level
a - Foxfire               Conj/Fire      100%       2x1d9     0%          1
b - Conjure Flame         Conj/Fire      100%       6-21      1%          3
c - Inner Flame           Hex/Fire       91%        N/A       1%          3
d - Sticky Flame          Conj/Fire      100%       2d11      1%          4
e - Fireball              Conj/Fire      57%        3d22      1%          5
f - Animate Skeleton      Necr           100%       N/A       0%          1
g - Searing Ray           Conj           100%       3d7       0%          2
h - Blink                 Tloc           N/A        N/A       0%          2
i - Summon Ice Beast      Ice/Summ       91%        N/A       1%          4
j - Metabolic Englaciati  Hex/Ice        45%        N/A       1%          5
k - Yara's Violent Unrav  Hex/Tmut       36%        3d15      1%          5
l - Iron Shot             Conj/Erth      45%        9d9       1%          6
m - Death Channel         Necr           36%        N/A       1%          6
Your spell library was empty.

Dungeon Overview and Level Annotations

Branches:
Dungeon (15/15)            Temple (1/1) D:5            Lair (6/6) D:10
 Shoals (0/4) Lair:2       Spider (0/4) Lair:2        Slime (0/5) Lair:5
    Orc (2/2) D:11            Elf (3/3) Orc:2        Vaults (0/5) D:14
 Depths (0/5) D:15         Bailey (visited)           IceCv (visited)

Altars:
Cheibriados
Elyvilon
Fedhas
Hepliaklqana
Kikubaaqudgha
Makhleb
Nemelex Xobeh
Okawaru
Qazlal
Sif Muna
Trog
Vehumet
Wu Jian
Xom
Yredelemnul
Zin

Shops:
D:5 *   D:6 =   Orc:2 =(!(   Elf:3 **:

Annotations:
Lair:6 exclusion: player ghost


Innate Abilities, Weirdness & Mutations

You are immune to sickness and miasma.
You are immune to poison.
Your flesh is very heat resistant. (rF++)
You are vulnerable to cold. (rC-)
You float through the air rather than walking.
You learn spells naturally, not from books.
Your magical power is your life essence.
You have superior vitality. (+4 HP)
You are partially covered in iridescent scales. (AC +2)
You are dopey. (Int -2)
You are frail. (-10% HP)


Message History

The deep elf sorcerer burns! x2; The deep elf death mage burns! x2
The deep elf death mage stops burning.
Something assumes the form of the deep elf death mage and becomes anchored to this world!
The deep elf pyromancer gestures wildly while chanting.
The deep elf sorcerer hits you with a +1 short sword of protection!
The deep elf high priest mumbles some strange prayers to its god.
The deep elf high priest begins emitting a brilliant aura!
The deep elf sorcerer is empowered by the deep elf high priest's aura!
The ghostly deep elf death mage is empowered by the deep elf high priest's aura!
The deep elf pyromancer is empowered by the deep elf high priest's aura!
Unknown command.
Unknown command.
The deep elf sorcerer burns!
The deep elf sorcerer becomes larger for a moment.
You block the deep elf sorcerer's attack.
The deep elf pyromancer gestures wildly while chanting.
The deep elf pyromancer blinks!
The deep elf sorcerer burns! x2
The deep elf sorcerer's eyes start to glow.
The deep elf pyromancer casts a spell.
The deep elf pyromancer blinks!
You block the ghostly deep elf death mage's attack.
The deep elf high priest calls down the wrath of its god upon you.
Something smites you!
The deep elf sorcerer hits you with a +1 short sword of protection!
* * * LOW HITPOINT WARNING * * *
Unknown command.
Unknown command.
Unknown command.
Blink to where?
Press: ? - help, Dir - move target, p - deep elf sorcerer
As you read the scroll of blinking, it crumbles to dust.
Unknown command.
As you read the scroll of fog, it crumbles to dust.
The scroll dissolves into smoke.
You feel yourself speed up.
The ghostly deep elf death mage gestures at you while chanting.
The bolt of negative energy misses the fire elemental.
The bolt of negative energy hits you!!!
You feel drained.
You die...

.## #.# ##......#.........# ..#
#.#########.................#
..###.........'.................#
..+...#####.###.................#
.###.## #.# ##................#
## #.# #.# ##............[..# #
#.# #.# ##+####..e....[.#
#.######§######.####....e..[.#
####.....§§§§○○E@.....'.........#
......#####e#######.###.........#
#####.# #§# #.# #§.§§§....# # #.#
#§# #.# #.§§§§<...# ## #.## #§#
#.# #§§§§.....# .## #..# #§# #.#
#§§Z1§.<..# ..# #..# #.#######.#
#§§§§.§...# ..# #.##
#.....e1..###.§§§§....# ..###.#
##..######..#e....§....#


You could see a ghostly deep elf death mage (empowered) and a fire elemental
(summoned).

Vanquished Creatures
  Saint Roka (Orc:2)
  Rupert (D:15)
  A deep elf master archer (Elf:3)
  A deep elf blademaster (Elf:3)
  3 deep elf sorcerers
  3 deep elf elementalists (Elf:3)
  The ghost of apoch the Cleaver, a journeyman MiFi of Ru (Lair:6)
  3 very ugly things
  A stone giant (D:15)
  4 deep elf annihilators (Elf:3)
  2 deep elf demonologists (Elf:3)
  Josephine (Orc:2)
  Snorg (Orc:2)
  A deep elf death mage (Elf:3)
  An ettin (Orc:2)
  9 hydras
  A catoblepas (D:15)
  An ogre mage (D:15)
  4 vault guards (D:14)
  2 boulder beetles (D:14)
  5 centaur warriors
  3 two-headed ogres (D:15)
  3 tengu warriors
  18 dancing weapons
  4 orc high priests (Orc:2)
  13 deep elf knights
  Nergalle (Lair:4)
  2 deep trolls (D:15)
  An orange crystal statue (IceCv)
  An orc knight (D:11)
  7 deep elf archers
  2 necromancers (D:15)
  29 deep elf pyromancers
  An orc sorcerer (Orc:2)
  17 ugly things
  26 deep elf zephyrmancers
  7 cyclopes
  3 manticores
  4 centaur zombies
  A gargoyle (D:14)
  2 black mambas
  6 cane toads
  Maggie (D:5)
  2 freezing wraiths (IceCv)
  4 kobold demonologists
  An unseen horror (D:10)
  A tengu conjurer (D:14)
  5 komodo dragons
  A yaktaur (shapeshifter) (D:15)
  A golden dragon simulacrum (IceCv)
  An anaconda simulacrum (IceCv)
  3 trolls
  6 polar bears (Lair:6)
  8 hornets (Lair:6)
  8 dream sheep (Lair:6)
  3 slime creatures (D:12)
  A meliai zombie (D:11)
  13 blink frogs
  A snapping turtle (Lair:2)
  A vampire (D:9)
  3 water elementals
  16 spriggans (Lair:6)
  3 air elementals (Elf:3)
  A shadow (D:12)
  5 wraiths (Orc:2)
  3 wyverns
  2 dire elephant simulacra (IceCv)
  45 yaks
  A steam dragon (D:10)
  3 basilisks
  7 vampire mosquitoes
  Menkaure (D:5)
  2 wargs (Orc:1)
  15 water moccasins
  2 harpy simulacra (IceCv)
  A floating eye (shapeshifter) (Elf:3)
  A swamp drake (D:11)
  A hornet zombie (D:7)
  26 orc warriors
  3 black bears
  9 ogres
  2 ettin simulacra (IceCv)
  A necrophage (D:6)
  28 wolves
  4 centaurs
  A phantom (D:4)
  7 boggarts
  4 kobold brigands
  3 earth elementals
  9 bullfrogs
  4 scorpions
  5 killer bees (D:8)
  4 howler monkeys
  3 electric eels
  5 hounds
  7 jellies
  23 orc priests
  A gnoll shaman (D:4)
  An iguana (D:3)
  26 orc wizards
  A hound skeleton (D:4)
  20 gnolls
  A howler monkey zombie (D:5)
  6 adders
  A shadow imp (D:5)
  2 white imps
  An ufetubus (D:5)
  3 worms
  A dart slug (D:4)
  64 orcs
  6 bats
  4 endoplasms
  6 giant cockroaches
  8 goblins
  12 hobgoblins
  4 jackals
  27 kobolds
  11 quokkas
  4 ball pythons
  4 frilled lizards
  3 rats (D:4)
736 creatures vanquished.

Vanquished Creatures (collateral kills)
  A boulder beetle (D:13)
  4 hydras
  An orc knight (Bailey)
  A deep elf pyromancer (Elf:3)
  3 ugly things (D:15)
  A manticore (D:13)
  A cyclops (D:13)
  A cane toad (Lair:3)
  An efreet (D:15)
  A komodo dragon (Lair:3)
  A troll (D:9)
  A wraith (D:9)
  2 nameless horrors
  12 yaks
  Grum (D:8)
  A sky beast (D:7)
  7 wolves
  An ogre (Orc:2)
  A necrophage (D:7)
  A kobold brigand (D:6)
  2 bullfrogs
  A scorpion (D:6)
  A gnoll sergeant (D:6)
  2 wyvern zombies
  A killer bee (D:8)
  4 wights (D:7)
  A gnoll shaman (D:7)
  An iguana (D:7)
  A killer bee zombie (D:8)
  9 gnolls
  A white imp (D:7)
  An orc (D:7)
  3 kobolds
71 creatures vanquished.

Vanquished Creatures (others)
  A deep elf knight (Elf:3)
  461 foxfires
  34 fungi
  45 plants
541 creatures vanquished.

Grand Total: 1348 creatures vanquished

Notes
Turn   | Place    | Note
-------+----------+-------------------------------------------
     0 | D:1      | dickylongcocking the Djinni Fire Elementalist began the
                  | quest for the Orb.
     0 | D:1      | Reached XP level 1. HP: 15/15 MP: 0/0
   164 | D:1      | Reached skill level 1 in Fighting
   189 | D:1      | Reached XP level 2. HP: 11/22 MP: 0/0
   570 | D:1      | Found a faded altar of an unknown god.
   884 | D:1      | Reached skill level 2 in Fighting
  1363 | D:1      | Reached XP level 3. HP: 26/29 MP: 0/0
  1363 | D:1      | Learned a level 1 spell: Animate Skeleton
  2082 | D:2      | Reached skill level 3 in Fighting
  2088 | D:2      | Reached XP level 4. HP: 21/35 MP: 0/0
  3114 | D:3      | Reached skill level 4 in Fighting
  3836 | D:4      | Reached XP level 5. HP: 38/41 MP: 0/0
  3836 | D:4      | Learned a level 2 spell: Searing Ray
  3856 | D:4      | Gained mutation: You are frail. (-10% HP) [potion of
                  | mutation]
  3856 | D:4      | Gained mutation: You are partially covered in iridescent
                  | scales. (AC +2) [potion of mutation]
  3872 | D:4      | Reached skill level 5 in Fighting
  3882 | D:4      | Noticed an ogre
  4160 | D:4      | Killed an ogre
  4161 | D:4      | Reached XP level 6. HP: 13/45 MP: 0/0
  4553 | D:4      | Reached skill level 6 in Fighting
  4591 | D:4      | Identified the +4 dagger of Joyful Slaughter {pain, rElec
                  | rC- Str+2}
  4630 | D:4      | Noticed an ogre
  4639 | D:4      | Killed an ogre
  4640 | D:4      | Reached XP level 7. HP: 41/51 MP: 0/0
  4640 | D:4      | Learned a level 2 spell: Blink
  4685 | D:4      | Reached skill level 7 in Fighting
  5098 | D:4      | Noticed a moth of wrath
  5101 | D:4      | Found a bloodstained altar of Trog.
  5351 | D:4      | You are sucked into a shaft and drop 2 floors!
  5366 | D:6      | Reached skill level 8 in Fighting
  5366 | D:6      | Reached XP level 8. HP: 49/58 MP: 0/0
  5572 | D:6      | Reached skill level 9 in Fighting
  5613 | D:6      | Found Ipsoycith's Jewellery Emporium.
  5642 | D:5      | Entered Level 5 of the Dungeon
  5846 | D:4      | Reached XP level 9. HP: 50/66 MP: 0/0
  5846 | D:4      | Learned a level 4 spell: Summon Ice Beast
  6187 | D:4      | Identified the +2 spear "Nojucoty" {drain, +Blink}
  6262 | D:5      | Reached skill level 10 in Fighting
  6385 | D:5      | Found Ceexush's General Store.
  6765 | D:5      | Found a staircase to the Ecumenical Temple.
  6780 | Temple   | Entered the Ecumenical Temple
  6818 | Temple   | Became a worshipper of Makhleb the Destroyer
  6865 | D:5      | Noticed Menkaure
  6871 | D:5      | Killed Menkaure
  7481 | D:6      | Found a blossoming altar of Fedhas.
  7481 | D:6      | Noticed Maggie
  7490 | D:5      | Killed Maggie
  7491 | D:5      | Reached skill level 5 in Spellcasting
  7907 | D:6      | Found a basalt altar of Yredelemnul.
  8099 | D:6      | Noticed an eight-headed hydra
  8117 | D:6      | Noticed a nameless horror
  8136 | D:6      | Killed an eight-headed hydra
  8139 | D:6      | Killed a nameless horror
  8510 | D:7      | Reached XP level 10. HP: 30/72 MP: 0/0
  9132 | D:7      | Reached * piety under Makhleb
  9761 | D:8      | Noticed Grum
  9779 | D:8      | Killed Grum
 10660 | D:9      | Reached ** piety under Makhleb
 11736 | D:10     | Entered Level 10 of the Dungeon
 11742 | D:10     | Reached XP level 11. HP: 67/76 MP: 0/0
 11742 | D:10     | Learned a level 5 spell: Metabolic Englaciation
 11802 | D:10     | Found a flagged portal.
 11874 | Bailey   | Entered a bailey
 12370 | Bailey   | Noticed an orc knight
 12388 | Bailey   | Reached *** piety under Makhleb
 12440 | Bailey   | Killed an orc knight
 12505 | Bailey   | Reached skill level 10 in Spellcasting
 12879 | Bailey   | Identified a scroll of acquirement
 12881 | Bailey   | Acquired a manual of Shields
 12961 | D:10     | Reached skill level 1 in Unarmed Combat
 12963 | D:10     | Reached skill level 1 in Armour
 13026 | D:10     | Found a staircase to the Lair.
 13775 | D:11     | Reached skill level 5 in Dodging
 13777 | D:11     | Reached **** piety under Makhleb
 14216 | D:11     | Found a staircase to the Orcish Mines.
 14319 | D:11     | Reached XP level 12. HP: 48/81 MP: 0/0
 14332 | D:11     | Reached skill level 5 in Armour
 15383 | D:12     | Found a flickering gateway to a bazaar.
 15392 | Bazaar   | Entered a bazaar
 15460 | Bazaar   | Found Deatzag's Jewellery Boutique.
 15482 | Bazaar   | Found Jeff's Antique Armour Emporium.
 15503 | Bazaar   | Found Ugesufaa's General Store.
 15523 | Bazaar   | Found Liom's Antique Weapon Shoppe.
 15565 | Bazaar   | Bought a +0 pair of gloves of strength for 103 gold pieces
 15585 | Bazaar   | Bought a runed scarf for 240 gold pieces
 15627 | D:12     | Reached ***** piety under Makhleb
 15804 | D:12     | Reached skill level 5 in Shields
 16485 | D:13     | Noticed a seven-headed hydra
 16492 | D:13     | Killed a seven-headed hydra
 16618 | D:13     | Noticed a seven-headed hydra
 16626 | D:13     | Killed a seven-headed hydra
 17068 | D:13     | Noticed a boulder beetle
 17104 | D:13     | Killed a boulder beetle
 17741 | D:14     | Noticed a tengu warrior
 17744 | D:14     | Killed a tengu warrior
 17745 | D:14     | Reached skill level 10 in Shields
 17832 | D:14     | Reached XP level 13. HP: 80/86 MP: 0/0
 17832 | D:14     | Learned a level 5 spell: Yara's Violent Unravelling
 18208 | Lair:1   | Entered Level 1 of the Lair of Beasts
 18635 | Lair:1   | Noticed a five-headed hydra
 18639 | Lair:1   | Killed a five-headed hydra
 18640 | Lair:1   | Noticed a five-headed hydra
 18667 | Lair:1   | Killed a five-headed hydra
 19288 | Lair:2   | Found a hole to the Spider Nest.
 19601 | Lair:2   | Found a staircase to the Shoals.
 21379 | Lair:4   | Noticed an eight-headed hydra
 21391 | Lair:4   | Killed an eight-headed hydra
 21614 | Lair:4   | Noticed a seven-headed hydra
 21625 | Lair:4   | Killed a seven-headed hydra
 21809 | Lair:4   | Noticed Nergalle
 21814 | Lair:4   | Killed Nergalle
 21815 | Lair:4   | Reached XP level 14. HP: 85/92 MP: 0/0
 22181 | Lair:5   | Reached skill level 11 in Fighting
 22365 | Lair:5   | Identified the amulet of Sycseus {rElec Regen+ rCorr Str+6
                  | Int-2}
 22732 | Lair:5   | Found a staircase to the Slime Pits.
 23158 | Lair:6   | Entered Level 6 of the Lair of Beasts
 23158 | Lair:6   | Found a runed translucent door.
 23158 | Lair:6   | Noticed apoch's ghost (journeyman MiFi)
 23604 | Lair:6   | Reached skill level 12 in Fighting
 23725 | Lair:6   | Reached ****** piety under Makhleb
 24240 | Lair:6   | Killed apoch's ghost
 24535 | D:14     | Reached XP level 15. HP: 59/101 MP: 0/0
 24535 | D:14     | Learned a level 6 spell: Iron Shot
 25071 | D:14     | Reached skill level 13 in Fighting
 25081 | D:14     | Found a gate to the Vaults.
 25461 | D:15     | Entered Level 15 of the Dungeon
 25616 | D:15     | Found a frozen archway.
 25617 | D:15     | Noticed Rupert
 25619 | D:15     | Noticed a white very ugly thing
 25637 | D:15     | Noticed a stone giant
 25638 | D:15     | Killed Rupert
 25639 | D:15     | Reached skill level 15 in Shields
 25650 | D:15     | Killed a stone giant
 25723 | D:15     | Killed a white very ugly thing
 25732 | IceCv    | Entered an ice cave
 25732 | IceCv    | Noticed a white very ugly thing
 25736 | IceCv    | Found a transporter.
 25743 | IceCv    | Noticed a white very ugly thing
 25744 | IceCv    | Found a transporter.
 25762 | IceCv    | Killed a white very ugly thing
 25852 | IceCv    | Killed a white very ugly thing
 26165 | IceCv    | Reached skill level 14 in Fighting
 26214 | D:15     | Reached XP level 16. HP: 94/110 MP: 0/0
 26539 | D:15     | Found a staircase to the Depths.
 27034 | Orc:1    | Entered Level 1 of the Orcish Mines
 27390 | Orc:2    | Entered Level 2 of the Orcish Mines
 27402 | Orc:2    | Noticed Snorg
 27406 | Orc:2    | Killed Snorg
 27630 | Orc:2    | Noticed Josephine
 27635 | Orc:2    | Killed Josephine
 27763 | Orc:2    | Found a staircase to the Elven Halls.
 27900 | Orc:2    | Noticed Saint Roka
 28040 | Orc:2    | Killed Saint Roka
 28041 | Orc:2    | Reached skill level 15 in Fighting
 28247 | Orc:2    | Found Mierom's Distillery.
 28247 | Orc:2    | Found Afeteuc's Jewellery Emporium.
 28248 | Orc:2    | Found Ussijiz's Antique Weapon Emporium.
 28252 | Orc:2    | Found Mypsukh's Weapon Shoppe.
 28255 | Orc:2    | Bought a potion of resistance for 120 gold pieces
 28255 | Orc:2    | Bought a potion of haste for 120 gold pieces
 28615 | Elf:1    | Entered Level 1 of the Elven Halls
 28756 | Elf:1    | Identified the +9 short sword "Acarineslayer" {protect,
                  | Str+3}
 29003 | Elf:1    | Noticed a deep elf sorcerer
 29006 | Elf:1    | Killed a deep elf sorcerer
 29043 | Elf:1    | Reached XP level 17. HP: 97/117 MP: 0/0
 29043 | Elf:1    | Learned a level 6 spell: Death Channel
 30158 | Elf:2    | Found a huge runed translucent gate.
 30160 | Elf:2    | Found a huge runed translucent gate.
 30164 | Elf:2    | Found a huge runed translucent gate.
 30165 | Elf:2    | Found a huge runed translucent gate.
 30165 | Elf:2    | Found a huge runed translucent gate.
 30908 | Elf:2    | Reached skill level 15 in Spellcasting
 31108 | Elf:3    | Entered Level 3 of the Elven Halls
 31159 | Elf:3    | Found Meqoki's Assorted Antiques.
 31159 | Elf:3    | Found Uxevoemo's General Store.
 31178 | Elf:3    | Bought a crooked jewelled staff for 312 gold pieces
 31187 | Elf:3    | Bought a scroll of blinking for 150 gold pieces
 31187 | Elf:3    | Bought 2 potions of heal wounds for 200 gold pieces
 31239 | Elf:3    | Found Rocoashrazen's Book Shoppe.
 31827 | Elf:3    | Noticed a deep elf master archer
 31828 | Elf:3    | Noticed a deep elf blademaster
 31832 | Elf:3    | Reached skill level 16 in Fighting
 31832 | Elf:3    | Killed a deep elf master archer
 31848 | Elf:3    | Killed a deep elf blademaster
 31849 | Elf:3    | Reached XP level 18. HP: 52/125 MP: 0/0
 31862 | Elf:3    | Gained mutation: You are dopey. (Int -2) [you]
 32067 | Elf:3    | Noticed a Hell Sentinel
 32368 | Elf:3    | Reached skill level 1 in Evocations
 32438 | Elf:3    | Killed from afar by a ghostly deep elf death mage

Illustrated notes

Levels and vault maps discovered:
D:1:      onia_arrival_pentagram, layout_basic, basic_ecumenical_altar,
          minmay_statues_item
D:2:      layout_rooms
D:3:      layout_basic
D:4:      layout_loops_ring, tgw_trog, gup_sewer_entry_pipe,
          minmay_curled_crystal, minmay_fractal_squares_gapless_5
D:5:      layout_basic, minmay_temple_entry_proselytizer, serial_shops, shop,
          uniq_menkaure
D:6:      layout_rooms, grunt_temple_overflow_open, serial_shops,
          nicolae_shop_trees, patterned_corridor, uniq_maggie
D:7:      layout_basic, st_stairs_5, corner_web_ring, grunt_ministairs_6
D:8:      layout_basic, serial_park_tiny_1, uniq_grum
D:9:      layout_loops_ring
D:10:     layout_rooms, erik_lair_island, enter_bailey_3
D:11:     layout_roguey [special_room_orc], erik_orc_1, fiery_altar_vehumet
D:12:     layout_roguey, serial_shops, bzr_entry_islet
D:13:     layout_small_grid
D:14:     layout_roguey, lightli_vaults_fourway_checkpoint,
          hangedman_decor_opposing
D:15:     hangedman_depths_entry_civil_slaughter, layout_long_grid, minivault_4,
          portal_ice_cave_entry_ugly_swarm, uniq_rupert
Temple:   regret_index_temple_mists
Lair:1:   layout_hall_layers, serial_bayou_pond_c, fungi_pond_lemuel
Lair:2:   layout_misc_corridors, minmay_shoals_entry_hut, dummy_spider_entry
Lair:3:   layout_loops_ring
Lair:4:   layout_cave_pods, serial_bayou_shore_a, uniq_nergalle
Lair:5:   layout_roguey, nicolae_slime_entry_slimehenge
Lair:6:   minmay_lair_end_enchanted_forest, layout_regular_city,
          gammafunk_ghost_grave, wad_woods_02
Orc:1:    layout_caves
Orc:2:    st_orc_mages, layout_diamond_mine, uniq_josephine, uniq_snorg,
          uniq_saint_roka
Elf:1:    eino_elf_arrival_customs, layout_loops_corners, minmay_elf_sorcery,
          dk_noncrumbling_2
Elf:2:    layout_gridlike
Elf:3:    minmay_elf_hall_dome, layout_gridlike, serial_shops,
          nicolae_shop_stone, minmay_shoptagon

Skill      XL: |  1  2  3  4  5  6  7  8  9 10 11 12 13 14 15 16 17 18 |
---------------+-------------------------------------------------------+-----
Fighting       | 1 2 3 4 5 6 8 9 10 12 14 15 16 | 16.4
Spellcasting   | 3 6 9 10 11 12 14 15 | 15.6
Shields        | 4 10 13 14 15 | 15.0
Unarmed Combat | 3 4 |  4.9
Armour         | 4 6 |  6.3
Dodging        | 5 7 |  7.4
Evocations     | 2 |  2.3
Stealth        | |  1.5

Action                   |  1- 3 |  4- 6 |  7- 9 | 10-12 | 13-15 | 16-18 || total
-------------------------+-------+-------+-------+-------+-------+-------++-------
Melee: Unarmed           |     1 |       |       |       |       |       ||     1
       Long sword        |     3 |       |       |       |       |       ||     3
       Dagger            |       |    25 |       |       |       |       ||    25
       Staff             |       |     3 |    21 |     5 |     2 |     4 ||    35
 Cast: Foxfire           |    89 |    38 |   154 |    21 |     1 |     4 ||   307
       Searing Ray       |       |     8 |     9 |    10 |     8 |     8 ||    43
       Inner Flame       |       |     1 |     4 |    22 |    18 |     6 ||    51
       Blink             |       |       |     2 |     1 |     3 |       ||     6
       Summon Ice Beast  |       |       |    20 |    66 |    24 |    17 ||   127
       Sticky Flame      |       |       |     3 |    61 |    55 |    28 ||   147
       Fireball          |       |       |       |   105 |   261 |    82 ||   448
       Metabolic Englaci |       |       |       |     4 |       |     2 ||     6
       Iron Shot         |       |       |       |       |    36 |   237 ||   273
       Yara's Violent Un |       |       |       |       |     3 |     3 ||     6
       Death Channel     |       |       |       |       |       |     4 ||     4
Invok: Greater Servant o |       |       |       |       |     1 |       ||     1
Evoke: Wand              |       |       |       |       |       |     6 ||     6
  Use: Potion            |       |     2 |     5 |     1 |    12 |     7 ||    27
       Scroll            |       |     8 |       |    14 |     9 |     7 ||    38
 Stab: Sleeping          |     1 |     1 |       |       |       |       ||     2
Armor: Robe              |     8 |    16 |       |       |       |       ||    24
       Leather armour    |       |     5 |    40 |    37 |    50 |    31 ||   163
Dodge: Dodged            |    17 |    59 |    61 |   127 |   115 |    74 ||   453
       Repelled          |       |       |       |       |     1 |    16 ||    17
Block: Buckler           |       |       |       |     8 |     1 |       ||     9
       Kite shield       |       |       |       |       |   135 |    86 ||   221
       Rpst.: Long sword |     1 |       |       |       |       |       ||     1

Table legend: (Time is in decaauts)
 A = Elapsed time spent in this place.
 B = Non-inter-level travel time spent in this place.
 C = Inter-level travel time spent in this place.
 D = Time resting spent in this place.
 E = Time spent auto-exploring this place.
 F = Levels seen in this place.
 G = Mean time per level.
                   A        B        C        D        E       F      G
               +--------+--------+--------+--------+--------+-----+--------+
         Total |  32415 |  30973 |   1442 |   4012 |  21865 |  30 | 1080.5 |
       Dungeon |  19125 |  18015 |   1110 |   2212 |  13023 |  15 | 1275.0 |
        Temple |     54 |     39 |     15 |      0 |     31 |   1 |   54.0 |
          Lair |   6137 |   6002 |    135 |    307 |   4820 |   6 | 1022.8 |
  Orcish Mines |   1567 |   1528 |     39 |    166 |   1022 |   2 |  783.5 |
   Elven Halls |   3816 |   3674 |    142 |    519 |   2449 |   3 | 1272.0 |
        Bazaar |    227 |    227 |      0 |      0 |    149 |   1 |  227.0 |
        Bailey |   1055 |   1055 |      0 |    522 |    364 |   1 | 1055.0 |
      Ice Cave |    430 |    430 |      0 |    284 |      7 |   1 |  430.0 |
               +--------+--------+--------+--------+--------+-----+--------+

Top non-repeatable levels by time:
    D:11: 1885 daAuts
     D:1: 1855 daAuts
    D:13: 1747 daAuts
     D:3: 1712 daAuts
   Elf:2: 1675 daAuts
     D:4: 1661 daAuts
     D:5: 1401 daAuts
     D:7: 1269 daAuts
   Orc:2: 1146 daAuts
     D:9: 1129 daAuts
   Elf:1: 1128 daAuts
  Lair:6: 1119 daAuts
  Lair:3: 1096 daAuts
     D:6: 1072 daAuts
  Bailey: 1055 daAuts
